TOP OF THE 1ST |
Redwood City Redwoods batting - Pitching for Santa Monica Bruins : RHP Chris Spencer
|
Pitching: RHP Chris Spencer
|
|
Batting: LHB Héctor Flores
|
0-0: Ball 1-0: SINGLE (Line Drive, 8LS)
|
Batting: LHB Ron McCoy
|
0-0: Called Strike 0-1: Ball 1-1: Called Strike 1-2: Ball 2-2: Strikes out swinging
|
Batting: RHB William Parker
|
0-0: Swinging Strike 0-1: Ball 1-1: Ball 2-1: Reached on error, E1 (Groundball, 15) Héctor Flores to second
|
Batting: LHB Patrick Bright
|
0-0: Called Strike 0-1: Swinging Strike 0-2: Ball 1-2: Ball 2-2: Strikes out swinging
|
Batting: RHB Fu Tse
|
0-0: Ball 1-0: Ball 2-0: Foul Ball, location: 2F 2-1: Foul Ball, location: 2F 2-2: Strikes out swinging
|
Top of the 1st over - 0 run(s), 1 hit(s), 1 error(s), 2 left on base; Redwood City 0 - Santa Monica 0 |
BOTTOM OF THE 1ST |
Santa Monica Bruins batting - Pitching for Redwood City Redwoods : RHP Jorge Luna
|
Pitching: RHP Jorge Luna
|
|
Batting: RHB José García
|
0-0: Ball 1-0: Ball 2-0: Called Strike 2-1: Fly out, F9 (Line Drive, 9M)
|
Batting: LHB Patrick Osborne
|
0-0: Ball 1-0: Foul Ball, location: 2F 1-1: Swinging Strike 1-2: Foul Ball, location: 2F 1-2: Fly out, F7 (Flyball, 7M)
|
Batting: LHB Ray Bryant
|
0-0: Ball 1-0: Ball 2-0: Swinging Strike 2-1: Foul Ball, location: 2F 2-2: Foul Ball, location: 2F 2-2: SINGLE (Line Drive, 8LS)
|
Batting: LHB Jeffrey Bascombe
|
0-0: Fly out, F6 (Popup, 6MD)
|
Bottom of the 1st over - 0 run(s), 1 hit(s), 0 error(s), 1 left on base; Redwood City 0 - Santa Monica 0 |
TOP OF THE 2ND |
Redwood City Redwoods batting - Pitching for Santa Monica Bruins : RHP Chris Spencer
|
Batting: LHB Paul Alexander
|
0-0: Called Strike 0-1: Ball 1-1: Ball 2-1: Ball 3-1: Foul Ball, location: 2F 3-2: Base on Balls
|
Batting: LHB Juan Hernández
|
0-0: Swinging Strike 0-1: Foul Ball, location: 2F 0-2: Ball 1-2: Ball 2-2: Ball 3-2: Fly out, F8 (Flyball, 8LM)
|
Batting: LHB Alfonso Montoya
|
0-0: Called Strike 0-1: Ball 1-1: Swinging Strike 1-2: Foul Ball, location: 2F 1-2: Foul Ball, location: 2F 1-2: Foul Ball, location: 2F 1-2: Ball 2-2: Ball 3-2: Fielders Choice at 2nd, 1-6 (Groundball, 13S)
|
Batting: SHB António Trinidad
|
0-0: Fly out, F9 (Flyball, 9D)
|
Top of the 2nd over - 0 run(s), 0 hit(s), 0 error(s), 1 left on base; Redwood City 0 - Santa Monica 0 |
BOTTOM OF THE 2ND |
Santa Monica Bruins batting - Pitching for Redwood City Redwoods : RHP Jorge Luna
|
Batting: RHB Luis Martínez
|
0-0: Ball 1-0: Called Strike 1-1: Called Strike 1-2: Ball 2-2: Foul Ball, location: 2F 2-2: Ball 3-2: Ground out 6-3 (Groundball, 6M)
|
Batting: LHB Jeffrey Satterley
|
0-0: Ground out 4-3 (Groundball, 34)
|
Batting: LHB Brent Alonzo
|
0-0: Ball 1-0: Called Strike 1-1: Ball 2-1: Ball 3-1: Fly out, F2 (Popup, 2RF)
|
Bottom of the 2nd over - 0 run(s), 0 hit(s), 0 error(s), 0 left on base; Redwood City 0 - Santa Monica 0 |
TOP OF THE 3RD |
Redwood City Redwoods batting - Pitching for Santa Monica Bruins : RHP Chris Spencer
|
Batting: LHB Héctor Flores
|
0-0: Ground out U3 (Groundball, 3)
|
Batting: LHB Ron McCoy
|
0-0: Called Strike 0-1: Ball 1-1: SINGLE (Line Drive, 6M)
|
Batting: RHB William Parker
|
0-0: Ball 1-0: Fielders Choice at 2nd, 6-4 (Groundball, 6M)
|
Batting: LHB Patrick Bright
|
Pickoff Throw to First - Out!
|
Top of the 3rd over - 0 run(s), 1 hit(s), 0 error(s), 0 left on base; Redwood City 0 - Santa Monica 0 |
BOTTOM OF THE 3RD |
Santa Monica Bruins batting - Pitching for Redwood City Redwoods : RHP Jorge Luna
|
Batting: LHB Francisco Marino
|
0-0: DOUBLE (Line Drive, 9LD)
|
Batting: RHB Justin Burgess
|
0-0: Ball Francisco Marino steals 3rd base 1-0: Swinging Strike 1-1: Foul Ball, location: 2F 1-2: Strikes out swinging
|
Batting: RHB José García
|
0-0: Ball 1-0: Ball 2-0: Called Strike 2-1: Called Strike 2-2: Ball 3-2: Base on Balls
|
Batting: LHB Patrick Osborne
|
0-0: Ball José García is caught stealing 2nd base 1-0: Called Strike 1-1: Ball 2-1: Foul Ball, location: 2F 2-2: Foul Ball, location: 2F 2-2: Strikes out swinging
|
Bottom of the 3rd over - 0 run(s), 1 hit(s), 0 error(s), 1 left on base; Redwood City 0 - Santa Monica 0 |
TOP OF THE 4TH |
Redwood City Redwoods batting - Pitching for Santa Monica Bruins : RHP Chris Spencer
|
Batting: LHB Patrick Bright
|
0-0: Called Strike 0-1: Ball 1-1: Foul Ball, location: 2F 1-2: Ball 2-2: Strikes out looking
|
Batting: RHB Fu Tse
|
0-0: Called Strike 0-1: Foul Ball, location: 2F 0-2: Strikes out swinging
|
Batting: LHB Paul Alexander
|
0-0: Foul Ball, location: 2F 0-1: SINGLE (Groundball, 34D)
|
Batting: LHB Juan Hernández
|
0-0: Called Strike 0-1: Ball 1-1: Ball 2-1: Foul Ball, location: 2F 2-2: Fly out, F6 (Popup, 6D)
|
Top of the 4th over - 0 run(s), 1 hit(s), 0 error(s), 1 left on base; Redwood City 0 - Santa Monica 0 |
BOTTOM OF THE 4TH |
Santa Monica Bruins batting - Pitching for Redwood City Redwoods : RHP Jorge Luna
|
Batting: LHB Ray Bryant
|
0-0: Swinging Strike 0-1: Foul Ball, location: 2F 0-2: SINGLE (Line Drive, 34D)
|
Batting: LHB Jeffrey Bascombe
|
0-0: Called Strike 0-1: Ball 1-1: Ball 2-1: Ball 3-1: Swinging Strike 3-2: Foul Ball, location: 2F 3-2: Grounds into double play, 1-4-3 (Groundball, 13)
|
Batting: RHB Luis Martínez
|
0-0: Called Strike 0-1: Ball 1-1: DOUBLE (Flyball, 89XD)
|
Batting: LHB Jeffrey Satterley
|
0-0: Ball 1-0: Ball 2-0: Called Strike 2-1: Ball 3-1: Foul Ball, location: 2F 3-2: Foul Ball, location: 2F 3-2: Ground out U3 (Groundball, 3S)
|
Bottom of the 4th over - 0 run(s), 2 hit(s), 0 error(s), 1 left on base; Redwood City 0 - Santa Monica 0 |
TOP OF THE 5TH |
Redwood City Redwoods batting - Pitching for Santa Monica Bruins : RHP Chris Spencer
|
Batting: LHB Alfonso Montoya
|
0-0: Ball 1-0: Called Strike 1-1: Swinging Strike 1-2: Foul Ball, location: 2F 1-2: Foul Ball, location: 2F 1-2: Foul Ball, location: 2F 1-2: Ball 2-2: Foul Ball, location: 2F 2-2: Strikes out swinging, 2-3 out at first.
|
Batting: SHB António Trinidad
|
0-0: Foul Ball, location: 2F 0-1: Foul Ball, location: 2F 0-2: Ground out 3-1 (Groundball, 34)
|
Batting: LHB Héctor Flores
|
0-0: Called Strike 0-1: DOUBLE (Groundball, 3L)
|
Batting: LHB Ron McCoy
|
0-0: Called Strike 0-1: Swinging Strike 0-2: Ball 1-2: Foul Ball, location: 2F 1-2: Strikes out swinging
|
Top of the 5th over - 0 run(s), 1 hit(s), 0 error(s), 1 left on base; Redwood City 0 - Santa Monica 0 |
BOTTOM OF THE 5TH |
Santa Monica Bruins batting - Pitching for Redwood City Redwoods : RHP Jorge Luna
|
Batting: LHB Brent Alonzo
|
0-0: Ball 1-0: Ball 2-0: Ground out 4-3 (Groundball, 4)
|
Batting: LHB Francisco Marino
|
0-0: SINGLE (Line Drive, 7S)
|
Batting: RHB Justin Burgess
|
0-0: Ball 1-0: Ball Francisco Marino is caught stealing 2nd base 2-0: Ball 3-0: Called Strike 3-1: Called Strike 3-2: Foul Ball, location: 2F 3-2: Fly out, F4 (Popup, 34D)
|
Bottom of the 5th over - 0 run(s), 1 hit(s), 0 error(s), 0 left on base; Redwood City 0 - Santa Monica 0 |
TOP OF THE 6TH |
Redwood City Redwoods batting - Pitching for Santa Monica Bruins : RHP Chris Spencer
|
Batting: RHB William Parker
|
0-0: DOUBLE (Line Drive, 78XD)
|
Batting: LHB Patrick Bright
|
0-0: Intentional Walk
|
Batting: RHB Fu Tse
|
0-0: Called Strike 0-1: Fly out, F9 (Line Drive, 9M)
|
Batting: LHB Paul Alexander
|
0-0: Ball 1-0: Ball 2-0: Foul Ball, location: 2F 2-1: 3-RUN HOME RUN (Flyball, 9LD), Distance : 361 ft
|
Batting: LHB Juan Hernández
|
0-0: SINGLE (Flyball, 7LM)
|
Batting: LHB Alfonso Montoya
|
0-0: Ball 1-0: Ball 2-0: Fly out, F7 (Flyball, 7LD)
|
Batting: SHB António Trinidad
|
0-0: Called Strike 0-1: Ball 1-1: Fly out, F4 (Popup, 4MD)
|
Top of the 6th over - 3 run(s), 3 hit(s), 0 error(s), 1 left on base; Redwood City 3 - Santa Monica 0 |
BOTTOM OF THE 6TH |
Santa Monica Bruins batting - Pitching for Redwood City Redwoods : RHP Jorge Luna
|
Batting: RHB José García
|
0-0: Called Strike 0-1: Swinging Strike 0-2: Strikes out swinging
|
Batting: LHB Patrick Osborne
|
0-0: Ball 1-0: Swinging Strike 1-1: Ball 2-1: Ball 3-1: Base on Balls
|
Pitching: RHP Lúcio Solano
|
|
Batting: LHB Ray Bryant
|
0-0: Called Strike 0-1: Fly out, F5 (Popup, 5DF)
|
Batting: LHB Jeffrey Bascombe
|
0-0: Ball Patrick Osborne steals 2nd base 1-0: Ball 2-0: Ball 3-0: Fly out, F7 (Flyball, 78M)
|
Bottom of the 6th over - 0 run(s), 0 hit(s), 0 error(s), 1 left on base; Redwood City 3 - Santa Monica 0 |
TOP OF THE 7TH |
Redwood City Redwoods batting - Pitching for Santa Monica Bruins : RHP Chris Spencer
|
Pitching: LHP Leonardo Rodríguez
|
|
Batting: LHB Héctor Flores
|
0-0: Fly out, F6 (Popup, 56D)
|
Batting: LHB Ron McCoy
|
0-0: Called Strike 0-1: SINGLE (Groundball, 4M)
|
Batting: RHB William Parker
|
0-0: Ball 1-0: Ball 2-0: Called Strike 2-1: Ball 3-1: SINGLE (Line Drive, 6D) Ron McCoy to second
|
Batting: LHB Patrick Bright
|
0-0: Grounds into double play, 4-6-3 (Groundball, 4)
|
Top of the 7th over - 0 run(s), 2 hit(s), 0 error(s), 1 left on base; Redwood City 3 - Santa Monica 0 |
BOTTOM OF THE 7TH |
Santa Monica Bruins batting - Pitching for Redwood City Redwoods : RHP Lúcio Solano
|
Batting: RHB Luis Martínez
|
0-0: Swinging Strike 0-1: SOLO HOME RUN (Flyball, 78XD), Distance : 412 ft
|
Batting: LHB Jeffrey Satterley
|
0-0: Called Strike 0-1: Foul Ball, location: 2F 0-2: Foul Ball, location: 2F 0-2: Ball 1-2: Strikes out swinging
|
Batting: LHB Brent Alonzo
|
0-0: Called Strike 0-1: Ball 1-1: Foul Ball, location: 2F 1-2: Ground out U3 (Groundball, 3L)
|
Batting: LHB Francisco Marino
|
0-0: DOUBLE (Line Drive, 78M)
|
Batting: RHB Justin Burgess
|
0-0: Ball 1-0: Ball 2-0: Ball 3-0: Called Strike 3-1: Foul Ball, location: 2F 3-2: Base on Balls
|
Pinch Hitting: LHB Noriaki Sangi
|
0-0: Ball 1-0: Swinging Strike 1-1: Ball 2-1: Ball 3-1: Foul Ball, location: 2F 3-2: Foul Ball, location: 2F 3-2: Strikes out swinging
|
Bottom of the 7th over - 1 run(s), 2 hit(s), 0 error(s), 2 left on base; Redwood City 3 - Santa Monica 1 |
TOP OF THE 8TH |
Redwood City Redwoods batting - Pitching for Santa Monica Bruins : LHP Leonardo Rodríguez
|
Now at 2B: Armando Colón
|
|
Batting: RHB Fu Tse
|
0-0: Foul Ball, location: 2F 0-1: Called Strike 0-2: Ball 1-2: Ground out 1-3 (Groundball, 25)
|
Batting: LHB Paul Alexander
|
0-0: SINGLE (Groundball, 34S)
|
Batting: LHB Juan Hernández
|
0-0: Ball 1-0: Foul Ball, location: 2F 1-1: Called Strike 1-2: Strikes out swinging
|
Batting: LHB Alfonso Montoya
|
0-0: Ball 1-0: Ball 2-0: Called Strike 2-1: Called Strike 2-2: Strikes out swinging
|
Top of the 8th over - 0 run(s), 1 hit(s), 0 error(s), 1 left on base; Redwood City 3 - Santa Monica 1 |
BOTTOM OF THE 8TH |
Santa Monica Bruins batting - Pitching for Redwood City Redwoods : RHP Lúcio Solano
|
Now at 2B: Carlos Gonzáles
|
|
Batting: LHB Patrick Osborne
|
0-0: Ball 1-0: Ball 2-0: Called Strike 2-1: Foul Ball, location: 2F 2-2: Ball 3-2: Base on Balls
|
Pitching: RHP José Gómez
|
|
Batting: LHB Ray Bryant
|
0-0: Swinging Strike Passed Ball! Patrick Osborne to second 0-1: Ball 1-1: Foul Ball, location: 2F 1-2: Ball 2-2: Foul Ball, location: 2F 2-2: Foul Ball, location: 2F 2-2: Foul Ball, location: 2F 2-2: Ball 3-2: Strikes out swinging
|
Batting: LHB Jeffrey Bascombe
|
0-0: Swinging Strike 0-1: Fly out, F8 (Line Drive, 8LS)
|
Batting: RHB Luis Martínez
|
0-0: Swinging Strike 0-1: Ball Wild Pitch! Patrick Osborne to third 1-1: Ball 2-1: Foul Ball, location: 2F 2-2: Ground out 6-3 (Groundball, 6)
|
Bottom of the 8th over - 0 run(s), 0 hit(s), 0 error(s), 1 left on base; Redwood City 3 - Santa Monica 1 |
TOP OF THE 9TH |
Redwood City Redwoods batting - Pitching for Santa Monica Bruins : LHP Leonardo Rodríguez
|
Batting: SHB António Trinidad
|
0-0: Ball 1-0: Foul Ball, location: 2F 1-1: Called Strike 1-2: Ball 2-2: Foul Ball, location: 2F 2-2: Ball 3-2: Strikes out swinging
|
Pitching: LHP Xavier Velázquez
|
|
Batting: LHB Héctor Flores
|
0-0: Ball 1-0: Called Strike 1-1: Called Strike 1-2: Strikes out looking
|
Batting: LHB Ron McCoy
|
0-0: Called Strike 0-1: Swinging Strike 0-2: Ground out 6-3 (Groundball, 6)
|
Top of the 9th over - 0 run(s), 0 hit(s), 0 error(s), 0 left on base; Redwood City 3 - Santa Monica 1 |
BOTTOM OF THE 9TH |
Santa Monica Bruins batting - Pitching for Redwood City Redwoods : RHP José Gómez
|
Pitching: LHP George Owens
|
|
Batting: LHB Jeffrey Satterley
|
0-0: Ball 1-0: Fly out, F7 (Flyball, 7LS)
|
Batting: LHB Brent Alonzo
|
0-0: Foul Ball, location: 2F 0-1: Ball 1-1: Swinging Strike 1-2: Fly out, F8 (Flyball, 8RXD)
|
Batting: LHB Francisco Marino
|
0-0: Called Strike 0-1: Called Strike 0-2: Ball 1-2: Ball 2-2: Foul Ball, location: 2F 2-2: Strikes out swinging
|
Bottom of the 9th over - 0 run(s), 0 hit(s), 0 error(s), 0 left on base; Redwood City 3 - Santa Monica 1 |
|